 Dungeon Crawl Stone Soup version 0.27.1-16-g815e20cd7a (webtiles) character file.

Game seed: 18244996899357041824

95 Descartes the Ducker (level 4, -7/19 HPs)
             Began as a Felid Warper on Nov 23, 2021.
             Mangled by an iguana (13 damage)
             ... on level 4 of the Dungeon.
             The game lasted 00:06:44 (6224 turns).

Descartes the Ducker (Felid Warper)                 Turns: 6224, Time: 00:06:44

Health: -7/19      AC:  1    Str:  8    XL:     4   Next: 40%
Magic:  17/17      EV: 19    Int: 14    God:
Gold:   155        SH:  0    Dex: 15    Spells: 5/7 levels left
                                        Lives:  0   Deaths: 1

rFire    + . .     SeeInvis +     - Unarmed
rCold    . . .     Faith    .   (shield unavailable)
rNeg     . . .     Spirit   .   (armour unavailable)
rPois    .         Reflect  .   (helmet unavailable)
rElec    .         Harm     .   (cloak unavailable)
rCorr    .         Rampage  .   (gloves unavailable)
Will     .....                  (boots unavailable)
Stlth    +.........             (no amulet)
HPRegen  0.06/turn              k - ring of protection from fire
MPRegen  0.15/turn              o - ring of magical power

@: quick
A: very small, claws 1, fangs 3, see invisible, speed 1, shaggy fur 1, stealthy
paws, no weapons or thrown items, no armour, multi-lived
a: no special abilities


You were on level 4 of the Dungeon.
You visited 1 branch of the dungeon, and saw 4 of its levels.

You collected 155 gold pieces.

Inventory:

Missiles
 b - 102 stones
Jewellery
 k - a ring of protection from fire (left paw)
 o - a ring of magical power (right paw)
Wands
 c - a wand of charming (6)
Scrolls
 a - a scroll of blinking
 e - a scroll of teleportation
 f - 4 scrolls of identify {unknown}
 g - a scroll of amnesia {unknown}
 j - 2 scrolls of enchant weapon {unknown}
 n - a scroll of noise {unknown}
Potions
 d - a potion of berserk rage {unknown}
 h - a potion of degeneration {unknown}
 i - a potion of magic
 l - a potion of attraction {unknown}
 m - a potion of lignification {unknown}


   Skills:
 - Level 2.0 Fighting
 * Level 5.7 Dodging
 + Level 3.1 Unarmed Combat
 - Level 2.0 Spellcasting
 + Level 5.6 Translocations


You had 5 spell levels left.
You knew the following spells:

 Your Spells              Type           Power      Damage    Failure   Level
a - Blink                 Tloc           N/A        N/A       3%          2

Your spell library contained the following spells:

 Spells                   Type           Power      Damage    Failure   Level
 Gell's Gravitas          Tloc           8%         N/A       7%          3
 Lesser Beckoning         Tloc           8%         N/A       7%          3
 Teleport Other           Tloc           17%        N/A       7%          3
 Magic Dart               Conj           4%         1d3       24%         1
 Summon Small Mammal      Summ           4%         N/A       24%         1
 Call Imp                 Summ           1%         N/A       34%         2
 Manifold Assault         Tloc           17%        N/A       54%         5
 Call Canine Familiar     Summ           1%         N/A       56%         3
 Mephitic Cloud           Conj/Pois/Air  1%         N/A       56%         3
 Ozocubu's Armour         Ice            1%         N/A       56%         3
 Summon Guardian Golem    Hex/Summ       1%         N/A       56%         3
 Ozocubu's Refrigeration  Ice            0%         4d5       100%        7


Dungeon Overview and Level Annotations

Branches:
Dungeon (4/15)
 Temple: D:4-7

Altars:

Shops:
D:3 :


Innate Abilities, Weirdness & Mutations

You have sharp claws.
You have razor-sharp teeth.
You have supernaturally acute eyesight. (SInv)
You cover ground quickly. (Speed+)
You are covered in fur. (AC +1)
Your paws help you pounce on unaware monsters.
You are incapable of wielding weapons or throwing items.
You cannot wear armour.
You gain extra lives every three experience levels.


Message History

The hound bites you.
You miss the hound. You claw the hound.
You kill the hound!
You now have 126 gold pieces (gained 18).
You see here a hound corpse.
o - a ring of magical power You feel your magic capacity increase.
o - a ring of magical power (right paw) Magic restored.
You open the door.
There is an open door here.
Found 14 gold pieces.
Found 15 gold pieces.
You now have 140 gold pieces (gained 14).
You now have 155 gold pieces (gained 15).
You scratch the iguana.
The iguana is moderately wounded.
The iguana bites you.
You closely miss the iguana. You claw the iguana.
The iguana is heavily wounded.
The iguana misses you.
You scratch the iguana. You bite the iguana, but do no damage.
The iguana is severely wounded.
The iguana barely misses you.
You scratch the iguana but do no damage.
The iguana is severely wounded.
The iguana bites you.
You scratch the iguana but do no damage.
The iguana is severely wounded.
You scratch the iguana.
The iguana is almost dead.
The iguana bites you!
Ouch! That really hurt!
You are too injured to fight recklessly!
You are too injured to fight recklessly!
You scratch the iguana but do no damage.
The iguana is almost dead.
The iguana bites you!
Ouch! That really hurt!
You die...

..####.#.#.# #.........###.##.
..# #.#.#.# #.####.##........
..####.#.#.# #.# #.##.###.##.
.........#.# ##.####.#...##.###
##########.### #.........#.##.# #
# #.....# #..###.........# # ##
#.#.#.# #..# #.#.#.####### .##
#.#.#.# #l.###.#.#.# ##> ..##
#.#.#.# #@.........# ##.. <..##
#...#.# #.###.##.### ##...
....####...#.###..<......####....
....+..........>............+....
....####...#.#######.#...####....
...## #.....# #.##.## ##... ..##
####.### #.#### ##.. .## #....#
#.# ##. ## #.#### #.#### ##


You could see an iguana.

Vanquished Creatures
  A hound (D:4)
  Ijyb (D:3)
  4 adders
  4 dart slugs
  2 orcs (D:3)
  3 endoplasms
  6 giant cockroaches
  4 goblins
  5 hobgoblins
  4 quokkas
  2 ball pythons (D:1)
  8 bats
  3 frilled lizards
  5 kobolds
  7 rats
59 creatures vanquished.

Notes
Turn   | Place    | Note
-------+----------+-------------------------------------------
     0 | D:1      | Descartes the Felid Warper began the quest for the Orb.
     0 | D:1      | Reached XP level 1. HP: 9/9 MP: 4/4
   536 | D:1      | Reached XP level 2. HP: 13/13 MP: 6/6
  1217 | D:1      | Found a faded altar of an unknown god.
  1575 | D:1      | Reached XP level 3. HP: 11/16 MP: 7/7
  1989 | D:2      | Reached skill level 5 in Translocations
  3551 | D:3      | Reached XP level 4. HP: 19/19 MP: 8/8
  3552 | D:3      | Noticed Ijyb
  3580 | D:3      | Killed Ijyb
  3581 | D:3      | Reached skill level 5 in Dodging
  4058 | D:3      | You fall into a shaft and drop 1 floor!
  4519 | D:3      | Found Zyecs's Book Shop.
  4525 | D:3      | Learned a level 2 spell: Blink
  5522 | D:4      | Mangled by an iguana
  5523 | D:4      | Reached XP level 3. HP: -7/16 MP: 7/7
  5562 | D:4      | Reached XP level 4. HP: 10/19 MP: 8/8
  6224 | D:4      | Mangled by an iguana

Illustrated notes

Levels and vault maps discovered:
D:1:      minmay_arrival_stone_box, layout_basic,
          shapermc_ecumenical_altar_totnotflames
D:2:      layout_basic, hex_tiny
D:3:      layout_basic, serial_shops, nicolae_shop_behind_doors, uniq_ijyb
D:4:      layout_loops_corners

Skill      XL: |  1  2  3  4 |
---------------+-------------+-----
Dodging        | 4 5 |  5.7
Translocations | 5 |  5.6
Unarmed Combat | 3 |  3.1
Fighting       | |  2.0
Spellcasting   | |  2.0

Action                   |  1- 3 |  4- 6 || total
-------------------------+-------+-------++-------
Melee: Unarmed           |   140 |    97 ||   237
       Bite              |     6 |     9 ||    15
       Punch             |       |     2 ||     2
  Use: Potion            |       |     3 ||     3
       Scroll            |       |     1 ||     1
 Stab: Sleeping          |     2 |     1 ||     3
Armor: Skin              |    11 |     1 ||    12
Dodge: Dodged            |   119 |    74 ||   193
